 Dungeon Crawl Stone Soup version 0.30.0-18-gc0e69614cb (webtiles) character file.

Game seed: 10005528237742225092

138 Cheops the Digger (level 5, -2/40 HPs)
             Began as an Armataur Earth Elementalist on May 23, 2023.
             Slain by an orc wizard
             ... wielding a +0 dagger
              (3 damage)
             ... on level 2 of the Dungeon.
             The game lasted 00:05:40 (2178 turns).

Cheops the Digger (Armataur Earth Elementalist)     Turns: 2178, Time: 00:05:41

Health: -2/40      AC:  4    Str: 14    XL:     5   Next: 1%
Magic:  2/7        EV:  9    Int: 17    God:
Gold:   36         SH:  0    Dex: 10    Spells: 1/7 levels left

rFire   . . .        a - +0 dagger
rCold   . . .        (no shield)
rNeg    . . .        c - +0 robe
rPois   .            (no helmet)
rElec   .            (no cloak)
rCorr   .            (no gloves)
SInv    .            (no barding)
Will    .....        (no amulet)
Stlth   ++           (no ring)
HPRegen 0.26/turn    (no ring)
MPRegen 0.10/turn

%: roll
@: no status effects
A: large, rugged brown scales 3, deformed body, armoured tail, roll, long
tongue, awkward tongue
a: no special abilities


You were on level 2 of the Dungeon.
You visited 1 branch of the dungeon, and saw 3 of its levels.

You collected 152 gold pieces.
You spent 116 gold pieces at shops.

Inventory:

Hand Weapons
 a - a +0 dagger (weapon)
Armour
 c - a +0 robe (worn)
Scrolls
 e - a scroll of enchant armour {unknown}
 f - 2 scrolls of magic mapping {unknown}
 h - a scroll of fear {unknown}
 j - a scroll of torment {unknown}
 k - a scroll of fog
Potions
 b - 3 potions of magic
 d - 3 potions of curing
 g - a potion of degeneration {unknown}
 i - 2 potions of attraction {unknown}
 l - a potion of might
 m - a potion of heal wounds


   Skills:
 - Level 1.3 Dodging
 - Level 2.1 Stealth
 - Level 1.7 Spellcasting
 + Level 1.2 Conjurations
 - Level 0.8 Transmutations
 - Level 5.0 Earth Magic


You had one spell level left.
You knew the following spells:

 Your Spells              Type           Power      Damage    Failure   Level
a - Sandblast             Erth           36%        2d10      2%          1
b - Stone Arrow           Conj/Erth      24%        3d8       17%         3
P - Passwall              Tmut/Erth      9%         N/A       9%          2

Your spell library contained the following spells:

 Spells                   Type           Power      Damage    Failure   Level
 Petrify                  Tmut/Erth      11%        N/A       52%         4
 Iron Shot                Conj/Erth      6%         9d2       100%        6
 Plasma Beam              Fire/Air       0%         2x1d11    100%        6
 Maxwell's Capacitive Co  Air            0%         ∞         100%        8


Dungeon Overview and Level Annotations

Branches:
Dungeon (3/15)

Altars:

Shops:
D:1 [*!(!

Annotations:
D:1 2 transporters


Innate Abilities, Weirdness & Mutations

You are completely covered in rugged brown scales. (AC +3, +7% HP)
Armour fits poorly on your strangely shaped body.
You have a long armoured tail.
You roll when moving toward enemies. (Rampage)
Your long tongue fully drains potion bottles. (2x potion effects)
Your tongue gives you trouble enunciating. (1.5x scroll delay)


Message History

You climb upwards.
There is a stone staircase leading down here.
You hit the orc wizard but do no damage.
The orc wizard points at you and mumbles some strange words.
The magic dart hits you.
* * * LOW HITPOINT WARNING * * *
The orc barely misses you.
Your magical contamination has completely faded away.
You hit the orc wizard but do no damage.
The orc wizard gestures at you while chanting.
You are confused.
The orc hits you with a +0 club.
* * * LOW HITPOINT WARNING * * *
You miss the orc wizard.
Your tail-slap misses the orc wizard.
The orc wizard casts a spell at you. The magic dart hits you!
* * * LOW HITPOINT WARNING * * *
The orc hits you with a +0 club.
* * * LOW HITPOINT WARNING * * *
You closely miss the orc wizard. The orc wizard closely misses you.
The orc closely misses you. The orc hits you with a +0 club.
* * * LOW HITPOINT WARNING * * *
The orc wizard attacks as you move away!
The orc wizard hits you with a +0 dagger.
* * * LOW HITPOINT WARNING * * *
The orc closely misses you.
The orc wizard attacks as you move away!
The orc wizard barely misses you. The orc hits you with a +0 club.
* * * LOW HITPOINT WARNING * * *
You bump into the rock wall.
You feel less confused.
The orc wizard hits you with a +0 dagger.
* * * LOW HITPOINT WARNING * * *
The orc hits you with a +0 club.
* * * LOW HITPOINT WARNING * * *
You barely miss the orc wizard.
You tail-slap the orc wizard, but do no damage.
The orc wizard hits you with a +0 dagger.
You die...

#........# ###########........#
##...##.............###########
#.....######..................#
.......# #..................#
.......# #..................#
.......# ####.####..........#
#.....## #####.####.........[#
##...## #.....@.............#
##### #.(..oo>.^..........#
##...######.........<......<..#
#.....##.>.........#########..#
.......#...######..#_......8..#
[.÷....#...# ##.(.##......÷.#.#
.......#...# #..####÷÷.÷.÷....#
#.....##.#.###.## #.........##
##...###.......## #.........#


You could see an orc wizard and an orc.

Vanquished Creatures
  An orc wizard (D:3)
  2 adders (D:2)
  4 gnolls (D:2)
  2 worms (D:2)
  A dart slug (D:2)
  An orc (D:3)
  5 ball pythons
  5 bats
  7 endoplasms
  A giant cockroach (D:1)
  3 goblins
  3 hobgoblins
  2 quokkas (D:1)
  2 frilled lizards (D:1)
  6 kobolds
  5 rats
50 creatures vanquished.

Notes
Turn   | Place    | Note
-------+----------+-------------------------------------------
     0 | D:1      | Cheops the Armataur Earth Elementalist began the quest for
                  | the Orb.
     0 | D:1      | Reached XP level 1. HP: 14/14 MP: 3/3
    24 | D:1      | Found Weegh's Weapon Emporium.
    53 | D:1      | Reached skill level 3 in Earth Magic
   168 | D:1      | Found Ybeace's General Store.
   216 | D:1      | Got the Catalogue of Bombardment and Ozone
   258 | D:1      | Reached XP level 2. HP: 21/21 MP: 0/4
   410 | D:1      | Found a transporter.
   417 | D:1      | Found Obye's Armour Shoppe.
   461 | D:1      | Found a transporter.
   461 | D:1      | Found Eneisu's Distillery.
   610 | D:1      | Found Uruschoa's Distillery.
   615 | D:1      | You fall into a shaft and drop 1 floor!
   780 | D:2      | Reached XP level 3. HP: 27/27 MP: 3/5
   931 | D:2      | Reached skill level 4 in Earth Magic
  1169 | D:2      | Reached XP level 4. HP: 35/35 MP: 3/6
  1407 | D:2      | Found a faded altar of an unknown god.
  1617 | D:1      | Reached skill level 5 in Earth Magic
  1621 | D:1      | Learned a level 3 spell: Stone Arrow
  1624 | D:1      | Learned a level 2 spell: Passwall
  1822 | D:1      | Bought a potion of curing for 33 gold pieces
  1822 | D:1      | Bought a potion of heal wounds for 55 gold pieces
  1866 | D:1      | Bought a scroll of identify for 28 gold pieces
  2165 | D:3      | Reached skill level 1 in Conjurations
  2168 | D:3      | Reached XP level 5. HP: 29/40 MP: 0/7
  2177 | D:2      | HP: 1/40 [orc/+0 club (3)]
  2178 | D:2      | Slain by an orc wizard

Illustrated notes

Levels and vault maps discovered:
D:1:      spicycebolla_green_bress_n_ham, layout_rooms, serial_shops,
          nicolae_shop_drivethru, nicolae_shop_window_shopping, shop, shop, shop
D:2:      kennysheep_six_static_rooms, layout_rooms,
          shapermc_ecumenical_altar_pompeii
D:3:      layout_basic, doesnt_xom_only_xom

Skill      XL: |  1  2  3  4 |
---------------+-------------+-----
Earth Magic    | 3 4 5 |  5.0
Conjurations   | 1 |  1.2
Dodging        | |  1.3
Stealth        | |  2.1
Spellcasting   | |  1.7
Transmutations | |  0.8

Action                     |  1- 3 |  4- 6 || total
---------------------------+-------+-------++-------
  Melee: Unarmed           |     1 |       ||     1
         Dagger            |       |     5 ||     5
         Tailslap          |       |     1 ||     1
   Cast: Sandblast         |    60 |    20 ||    80
    Use: Scroll            |       |     2 ||     2
 Armour: Robe              |     2 |     2 ||     4
  Dodge: Dodged            |    10 |    12 ||    22
